 Dungeon Crawl Stone Soup version 0.24.1-14-gf8d2b509d9 (webtiles) character file.

Game seed: 5588744933682698036, levelgen mode: deterministic

219 Gabide the Bolt Thrower (level 6, -5/41 HPs)
             Began as a Human Hunter on May 25, 2020.
             Was a Follower of Hepliaklqana.
             Slain by an orc warrior
             ... wielding a +0 trident
              (18 damage)
             ... on level 3 of the Dungeon.
             The game lasted 00:05:36 (2292 turns).

Gabide the Bolt Thrower (Human Hunter)              Turns: 2292, Time: 00:05:37

Health: -5/41      AC:  3    Str: 13    XL:     6   Next: 18%
Magic:  6/6        EV: 12    Int: 11    God:    Hepliaklqana [*.....]
Gold:   173        SH:  0    Dex: 15    Spells: 5/5 levels left

rFire    . . .     SeeInvis .   a - +1 hand crossbow
rCold    . . .     Gourm    .   (no shield)
rNeg     . . .     Faith    .   c - +0 leather armour
rPois    .         Spirit   .   (no helmet)
rElec    .         Reflect  .   (no cloak)
rCorr    .         Harm     .   (no gloves)
MR       .....                  (no boots)
Stlth    ++........             (no amulet)
HPRegen  0.13/turn              (no ring)
MPRegen  0.10/turn              (no ring)

@: no status effects
A: reduced essence
a: Recall Ancestor, Ancestor Identity, Renounce Religion


You were on level 3 of the Dungeon.
You worshipped Hepliaklqana.
Hepliaklqana was aware of your devotion.
You were not hungry.

You visited 1 branch of the dungeon, and saw 3 of its levels.

You collected 173 gold pieces.

Inventory:

Hand Weapons
 a - a +1 hand crossbow (weapon)
 b - a +0 short sword
Missiles
 d - 29 bolts (quivered)
Armour
 c - a +0 leather armour (worn)
Scrolls
 h - 3 scrolls of remove curse {unknown}
 j - 5 scrolls of identify {unknown}
 k - 2 scrolls of magic mapping {unknown}
 n - 5 scrolls of amnesia {unknown}
 o - a scroll of random uselessness {unknown}
Potions
 e - a potion of flight {unknown}
 g - a potion of curing {unknown}
 i - a potion of brilliance {unknown}
 l - a potion of haste {unknown}
 m - 2 potions of mutation {unknown}
 p - a potion of lignification {unknown}
Comestibles
 f - 7 rations


   Skills:
 + Level 2.5 Fighting
 * Level 6.3 Crossbows
 + Level 1.6 Armour
 + Level 2.0 Dodging
 + Level 1.2 Stealth


You had 5 spell levels left.
You didn't know any spells.
Your spell library contained the following spells:

 Spells                   Type           Power        Failure   Level  Hunger
 Confusing Touch          Hex            #.....       41%         1    ##.....
 Confuse                  Hex            #.......     80%         3    ####...
 Gell's Gravitas          Tloc           #.........   80%         3    ####...
 Petrify                  Tmut/Erth      #.......     99%         4    #####..
 Metabolic Englaciation   Hex/Ice        #.........   100%        5    ######.
 Yara's Violent Unravell  Hex/Tmut       #.........   100%        5    ######.


Dungeon Overview and Level Annotations

Branches:
Dungeon (3/15)

Altars:
Fedhas
Hepliaklqana
Nemelex Xobeh
Ru
Sif Muna
Uskayaw
Yredelemnul


Message History

Aim: an orc warrior, wielding a +0 trident and wearing a +1 plate armour of poison resistance (almost dead)
You shoot a bolt.
The bolt hits the orc warrior but does no damage.
The orc warrior is almost dead.
The orc warrior closely misses you.
Firing (i - inventory)
d - 31 bolts (quivered)
Press: ? - help, Shift-Dir - straight line, f/p - orc warrior
Aim: an orc warrior, wielding a +0 trident and wearing a +1 plate armour of poison resistance (almost dead)
You shoot a bolt. The bolt hits the orc warrior.
The orc warrior is almost dead.
The orc warrior hits you from afar with a +0 trident!
The orc priest calls upon Beogh to heal the orc warrior.
The orc warrior is healed somewhat.
Firing (i - inventory)
d - 30 bolts (quivered)
Press: ? - help, Shift-Dir - straight line, f/p - orc warrior
Aim: an orc warrior, wielding a +0 trident and wearing a +1 plate armour of poison resistance (severely wounded)
You shoot a bolt. The bolt hits the orc warrior.
The orc warrior is almost dead.
The orc warrior hits you from afar with a +0 trident!!
You die...

.###.####.#. ..##.# ..#.#
#.# #.##.##.###.. ...
#........... ###.#
............ .....
##...#####.# #.#.# #...# ..
#.#.#
#...###...####.#.####..##
##..>...........@.oo(.((..
...........##.#.#.#####(##
##........ #.#.#.#
##......##.##.#.#.#####.#
........................#
##......##.##.#.#.#####.###
#..............#..........
##.##.#.##.####.#.#########
........## #.##.#.#


You could see an orc warrior and an orc priest.

Vanquished Creatures
  6 adders (D:3)
  An ooze (D:2)
  2 dart slugs (D:1)
  3 leopard geckos
  2 orcs (D:3)
  4 giant cockroaches
  2 gnoll zombies (D:2)
  10 goblins
  6 hobgoblins
  A quokka (D:2)
  2 ball pythons
  9 bats
  6 frilled lizards
  7 kobolds
  5 rats
66 creatures vanquished.

Vanquished Creatures (collateral kills)
  An ogre (D:3)
  A hobgoblin (D:3)
  A kobold (D:3)
3 creatures vanquished.

Vanquished Creatures (others)
  An ancestor (D:3)
1 creature vanquished.

Grand Total: 70 creatures vanquished

Notes
Turn   | Place    | Note
-------+----------+-------------------------------------------
     0 | D:1      | Gabide the Human Hunter began the quest for the Orb.
     0 | D:1      | Reached XP level 1. HP: 16/16 MP: 1/1
     0 | D:1      | Noticed a troll
     3 | D:1      | Noticed a felid
     8 | D:1      | Noticed a dwarf
    10 | D:1      | Noticed a minotaur
    10 | D:1      | Noticed a centaur
    12 | D:1      | Noticed a minotaur skeleton
    14 | D:1      | Noticed a minotaur
    18 | D:1      | Noticed a vampire
    20 | D:1      | Noticed a minotaur
    91 | D:1      | Reached XP level 2. HP: 17/22 MP: 2/2
   384 | D:1      | Reached XP level 3. HP: 27/27 MP: 3/3
   904 | D:2      | Reached skill level 5 in Crossbows
  1046 | D:2      | Found a sparkling altar of Nemelex Xobeh.
  1126 | D:2      | Found a basalt altar of Yredelemnul.
  1182 | D:2      | Reached XP level 4. HP: 29/33 MP: 4/4
  1262 | D:2      | Found a shimmering blue altar of Sif Muna.
  1543 | D:2      | Found a hazy altar of Hepliaklqana.
  1547 | D:2      | Became a worshipper of Hepliaklqana the Forgotten
  1758 | D:3      | Noticed an ogre
  1764 | D:3      | Killed an ogre
  1764 | D:3      | Reached skill level 1 in Armour
  1764 | D:3      | Reached XP level 5. HP: 30/35 MP: 5/5
  1785 | D:3      | Reached skill level 6 in Crossbows
  1910 | D:3      | Reached XP level 6. HP: 40/41 MP: 6/6
  1927 | D:3      | Found a blossoming altar of Fedhas.
  2006 | D:3      | Found a hide-covered altar of Uskayaw.
  2136 | D:3      | Found a sacrificial altar of Ru.
  2249 | D:3      | Reached * piety under Hepliaklqana
  2272 | D:3      | Noticed an orc warrior
  2292 | D:3      | Slain by an orc warrior

Levels and vault maps discovered:
D:1:      shiori_arrival_whats_in_store_for_you, layout_basic,
          chequers_serial_rivers_micro_e
D:2:      layout_basic, nemelex_altar_shiori, marbit_many_paths,
          lemuel_zombie_altar_yredelemnul, first_ration, wad_floor_pattern_2,
          led_sif_pool
D:3:      layout_basic, lemuel_doored_altar, overflow_temple_1_default,
          overflow_temple_1_default, uniq_jessica

Skill      XL: |  1  2  3  4  5 |
---------------+----------------+-----
Crossbows      | 5 6 |  6.3
Armour         | 1 |  1.6
Fighting       | |  2.5
Dodging        | |  2.0
Stealth        | |  1.2

Action                   |  1- 3 |  4- 6 || total
-------------------------+-------+-------++-------
 Fire: Hand crossbow     |    65 |    83 ||   148
Invok: Ancestor Identity |       |     2 ||     2
       Recall Ancestor   |       |     1 ||     1
  Eat: Chunk             |     1 |     3 ||     4
Armor: Leather armour    |     2 |     3 ||     5
Dodge: Dodged            |    13 |    24 ||    37
